 Dungeon Crawl Stone Soup version 0.29-a0-834-g1e95ca9f62 (webtiles) character file.

Game seed: 10278634033087131100

278 Nato the Trooper (level 6, 0/56 HPs)
             Began as a Minotaur Fighter on July 12, 2022.
             Slain by a killer bee (4 damage)
             ... on level 7 of the Dungeon.
             The game lasted 00:04:04 (2967 turns).

Nato the Trooper (Minotaur Fighter)                 Turns: 2967, Time: 00:04:05

Health: 0/56       AC: 12    Str: 22    XL:     6   Next: 5%
Magic:  5/5        EV:  6    Int:  5    God:
Gold:   288        SH:  5    Dex: 10    Spells: 5/5 levels left

rFire   . . .      SeeInvis .   a - +0 war axe
rCold   . . .      Faith    .   c - +0 buckler
rNeg    + . .      Spirit   .   s - +0 plate armour
rPois   .          Reflect  .   (helmet restricted)
rElec   .          Harm     .   (no cloak)
rCorr   +          Rampage  .   (no gloves)
Will    .....                   (no boots)
Stlth   ..........              (no amulet)
HPRegen 0.18/turn               v - ring of positive energy
MPRegen 0.09/turn               u - ring of resist corrosion

@: lethally poisoned (0 -> -29)
A: horns 2, retaliatory headbutt
a: no special abilities


You were on level 7 of the Dungeon.
You visited 1 branch of the dungeon, and saw 5 of its levels.

You collected 288 gold pieces.

Inventory:

Hand Weapons
 a - a +0 war axe (weapon)
 w - a +4 sling
Missiles
 y - 6 poisoned darts (quivered)
Armour
 c - a +0 buckler (worn)
 s - a +0 plate armour (worn)
Jewellery
 u - a ring of resist corrosion (right hand)
 v - a ring of positive energy (left hand)
 B - a ring of fire
Wands
 q - a wand of flame (23)
 A - a wand of polymorph (6)
Scrolls
 e - a scroll of teleportation {unknown}
 f - 2 scrolls of amnesia {unknown}
 h - a scroll of poison {unknown}
 i - a scroll of immolation {unknown}
 j - 4 scrolls of silence {unknown}
 k - a scroll of fear {unknown}
 l - 6 scrolls of identify {unknown}
 m - 3 scrolls of enchant armour {unknown}
 o - a scroll of summoning {unknown}
 D - a scroll of torment {unknown}
Potions
 b - 2 potions of lignification {unknown}
 d - a potion of might
 g - a potion of cancellation {unknown}
 n - 2 potions of magic {unknown}
 p - a potion of attraction {unknown}
 r - 3 potions of haste {unknown}
 t - a potion of curing {unknown}
 x - a potion of heal wounds {unknown}
 z - 2 potions of ambrosia {unknown}
 C - a potion of degeneration {unknown}
 E - 2 potions of mutation {unknown}


   Skills:
 + Level 5.2 Fighting
 + Level 4.2 Axes
 + Level 5.1 Armour
 + Level 5.1 Shields


You had 5 spell levels left.
You didn't know any spells.
Your spell library contained the following spells:

 Spells                   Type           Power      Damage    Failure   Level
 Gell's Gravitas          Tloc           0%         N/A       100%        3
 Lesser Beckoning         Tloc           0%         N/A       100%        3
 Teleport Other           Tloc           0%         N/A       100%        3
 Petrify                  Tmut/Erth      0%         N/A       100%        4
 Metabolic Englaciation   Hex/Ice        0%         N/A       100%        5
 Statue Form              Tmut/Erth      0%         N/A       100%        6


Dungeon Overview and Level Annotations

Branches:
Dungeon (4/15)             Temple (0/1) D:4

Altars:
Fedhas
Vehumet


Innate Abilities, Weirdness & Mutations

You have a pair of horns on your head.
You reflexively headbutt those who attack you in melee.


Message History

The killer bee barely misses you. x2; The killer bee stings you!
You are too injured to fight recklessly!
Unknown command.
You are too injured to fight recklessly!
You are too injured to fight recklessly!
Unknown command.
You are too injured to fight recklessly!
Unknown command.
You are too injured to fight recklessly!
You are too injured to fight recklessly!
Unknown command.
You are too injured to fight recklessly!
You are too injured to fight recklessly!
You slash the killer bee!
The killer bee is almost dead.
You hit the killer bee. You barely miss the killer bee.
You feel sick. You block the killer bee's attack.
The killer bee stings you but does no damage.
You block the killer bee's attack. x2; The killer bee stings you.
The killer bee barely misses you. The killer bee stings you.
The killer bee stings you but does no damage.
The killer bee stings you!
* * * LOW HITPOINT WARNING * * *
A white imp comes into view.
You miss the killer bee.
The white imp shouts, "Kneel, thou puking crook-pated meatloaf!"
You headbutt the killer bee.
You kill the killer bee!
You closely miss the killer bee. x2; You feel sick.
The killer bee stings you.
* * * LOW HITPOINT WARNING * * *
You are lethally poisoned!
The killer bee poisons you! The killer bee stings you.
* * * LOW HITPOINT WARNING * * *
You are more poisoned.
The killer bee poisons you! The killer bee stings you.
* * * LOW HITPOINT WARNING * * *
You are more poisoned.
The killer bee poisons you! You block the killer bee's attack.
The killer bee barely misses you. The killer bee stings you.
You die...

##############
#............#
#............# .....
+............#
......
#............#
......
#....yyy.....#
......
#....#@###.....
......##+##....#...#
....
#.............#...#


yy. #...........).#...# y. #.........##+##...+ . #.........# ....# #.###.....+
....# # #(....# ....# #.....# You could see 3 killer bees.

Vanquished Creatures
  Blork the orc (D:4)
  2 killer bees (D:7)
  An iguana (D:4)
  3 gnolls (D:4)
  4 adders
  A worm (D:3)
  A dart slug (D:3)
  2 orcs
  7 ball pythons
  4 bats
  9 endoplasms
  5 giant cockroaches
  7 goblins
  2 hobgoblins
  2 jackals (D:2)
  5 quokkas
  5 frilled lizards
  4 kobolds
  2 rats
67 creatures vanquished.

Vanquished Creatures (others)
  23 plants (D:2)
23 creatures vanquished.

Grand Total: 90 creatures vanquished

Notes
Turn   | Place    | Note
-------+----------+-------------------------------------------
     0 | D:1      | Nato the Minotaur Fighter began the quest for the Orb.
     0 | D:1      | Reached XP level 1. HP: 19/19 MP: 0/0
   140 | D:1      | Reached XP level 2. HP: 25/27 MP: 1/1
   752 | D:2      | Found a radiant altar of Vehumet.
   827 | D:2      | Reached XP level 3. HP: 33/33 MP: 2/2
  1421 | D:3      | Found a faded altar of an unknown god.
  1539 | D:3      | Found a blossoming altar of Fedhas.
  2087 | D:3      | Reached XP level 4. HP: 41/41 MP: 3/3
  2611 | D:4      | Reached XP level 5. HP: 27/47 MP: 4/4
  2696 | D:4      | Noticed Blork the orc
  2704 | D:4      | Killed Blork the orc
  2705 | D:4      | Reached skill level 5 in Fighting
  2705 | D:4      | Reached skill level 5 in Armour
  2705 | D:4      | Reached skill level 5 in Shields
  2909 | D:4      | Found a staircase to the Ecumenical Temple.
  2931 | D:4      | You fall into a shaft and drop 3 floors!
  2961 | D:7      | Reached XP level 6. HP: 56/56 MP: 5/5
  2967 | D:7      | Slain by a killer bee

Illustrated notes

Levels and vault maps discovered:
D:1:      minmay_arrival_four_circles, layout_loops_ring
D:2:      layout_basic, basic_altar, kennysheep_path_1, serial_bayou_lagoon_a
D:3:      layout_basic, mainiacjoe_overflow_surrounded_room,
          shapermc_ecumenical_altar_notcrosses, minmay_puff
D:4:      layout_gridville, minmay_temple_entry_grid,
          cheibrodos_sewer_entry_sluice, uniq_blork_the_orc, uniq_ijyb
D:7:      layout_gridville, nicolae_dithmenos_the_darkroom, uniq_maggie

Skill      XL: |  1  2  3  4  5 |
---------------+----------------+-----
Fighting       | 4 5 |  5.2
Armour         | 4 5 |  5.1
Shields        | 4 5 |  5.1
Axes           | 3 4 |  4.2

Action                   |  1- 3 |  4- 6 || total
-------------------------+-------+-------++-------
Melee: War axe           |    86 |    48 ||   134
       Headbutt          |    12 |     8 ||    20
Armor: Scale mail        |    18 |       ||    18
       Plate armour      |    25 |    46 ||    71
Dodge: Dodged            |    36 |    20 ||    56
Block: Buckler           |    14 |    18 ||    32

Table legend: (Time is in decaauts)
 A = Elapsed time spent in this place.
 B = Non-inter-level travel time spent in this place.
 C = Inter-level travel time spent in this place.
 D = Time resting spent in this place.
 E = Time spent auto-exploring this place.
 F = Levels seen in this place.
 G = Mean time per level.
                   A        B        C        D        E       F      G
               +--------+--------+--------+--------+--------+-----+--------+
         Total |   3041 |   2900 |    141 |      0 |   2434 |   5 |  608.2 |
       Dungeon |   3041 |   2900 |    141 |      0 |   2434 |   5 |  608.2 |
               +--------+--------+--------+--------+--------+-----+--------+

Top non-repeatable levels by time:
     D:3: 1059 daAuts
     D:2: 770 daAuts
     D:1: 661 daAuts
     D:4: 512 daAuts
     D:7: 37 daAuts
